 Dungeon Crawl Stone Soup version 0.24.0-13-gcf9b3192b9 (webtiles) character file.

Game seed: 11405587233387033293, levelgen mode: deterministic

252 Monsterracer the Gusty (level 6, 0/41 HPs)
             Began as a Formicid Air Elementalist on Nov 7, 2019.
             Slain by Grinder (5 damage)
             ... on level 3 of the Dungeon.
             The game lasted 00:05:33 (4450 turns).

Monsterracer the Gusty (Formicid Air Elementalist)  Turns: 4450, Time: 00:05:34

Health: 0/41       AC:  2    Str: 13    XL:     6   Next: 36%
Magic:  3/11       EV: 12    Int: 16    God:
Gold:   107        SH:  0    Dex: 11    Spells: 2/12 levels left

rFire    + . .     SeeInvis +   s - +0 rapier
rCold    . . .     Gourm    +   (no shield)
rNeg     . . .     Faith    .   a - +0 robe
rPois    .         Spirit   .   (helmet unavailable)
rElec    .         Reflect  .   (no cloak)
rCorr    .         Harm     .   (no gloves)
MR       .....                  (no boots)
Stlth    ++........             k - amulet of the gourmand
HPRegen  0.13/turn              F - ring of protection from fire
MPRegen  0.12/turn              (no ring)

@: no status effects
A: permanent stasis, dig shafts and tunnels, four strong arms, antennae 3
a: Dig, Shaft Self


You were on level 3 of the Dungeon.
You were not hungry.

You visited 1 branch of the dungeon, and saw 3 of its levels.

You collected 107 gold pieces.

Inventory:

Hand Weapons
 p - a +0 halberd
   (You took it off a gnoll on level 2 of the Dungeon)
 s - a +0 rapier (weapon)
   (You found it on level 3 of the Dungeon)
Armour
 a - a +0 robe (worn)
Jewellery
 k - an amulet of the gourmand (around neck)
   (You found it on level 1 of the Dungeon)
 F - a ring of protection from fire (left hand)
   (You found it on level 3 of the Dungeon)
Wands
 q - a wand of scattershot (5)
   (You found it on level 3 of the Dungeon)
Scrolls
 d - 2 scrolls of remove curse {unknown}
 e - a scroll of fear {unknown}
 f - 3 scrolls of enchant weapon {unknown}
 g - 7 scrolls of identify {unknown}
 i - a scroll of blinking {unknown}
 j - 2 scrolls of amnesia {unknown}
 o - a scroll of enchant armour {unknown}
Potions
 b - a potion of mutation {unknown}
 h - 3 potions of flight {unknown}
 l - a potion of heal wounds {unknown}
 m - a potion of ambrosia {unknown}
 n - a potion of lignification {unknown}
 r - a potion of haste {unknown}
Comestibles
 c - 9 rations


   Skills:
 - Level 1.7 Dodging
 - Level 2.4 Stealth
 + Level 3.5 Spellcasting
 * Level 3.6 Conjurations
 * Level 3.7 Air Magic


You had 2 spell levels left.
You knew the following spells:

 Your Spells              Type           Power        Failure   Level  Hunger
a - Shock                 Conj/Air       ##..         4%          1    None
c - Static Discharge      Conj/Air       ##......     12%         3    ###....
d - Airstrike             Air            ##........   36%         4    ####...
u - Swiftness             Chrm/Air       #.......     13%         2    ##.....

Your spell library contained the following spells:

 Spells                   Type           Power        Failure   Level  Hunger
 Lightning Bolt           Conj/Air       ##........   73%         5    ######.


Dungeon Overview and Level Annotations

Branches:
Dungeon (3/15)

Altars:

Annotations:
D:3 Grinder


Innate Abilities, Weirdness & Mutations

You cannot be hasted, slowed, berserked, paralysed or teleported.
You can dig through walls and to a lower floor.
Your four strong arms can wield two-handed weapons with a shield.
You have a pair of large antennae on your head. (SInv)


Message History

A jackal comes into view.
The jackal barks! x3
Casting: Shock (safe; 4% risk of failure)
Confirm with . or Enter, or press ? or * to list all spells.
Aiming: Shock (safe; 4% risk of failure)
Press: ? - help, Shift-Dir - straight line, f - Grinder
Aim: Grinder
Okay, then.
Grinder gestures at you. Pain shoots through your body!
Casting: Shock (safe; 4% risk of failure)
Confirm with . or Enter, or press ? or * to list all spells.
Aiming: Shock (safe; 4% risk of failure)
Press: ? - help, Shift-Dir - straight line The zap hits Grinder.
Grinder is lightly wounded.
The zap hits Grinder but does no damage.
Grinder is lightly wounded.
You feel a bit more experienced. Grinder gestures at you.
You struggle to resist.
Casting: Shock (safe; 4% risk of failure)
Confirm with . or Enter, or press ? or * to list all spells.
Aiming: Shock (safe; 4% risk of failure)
Press: ? - help, Shift-Dir - straight line The zap hits Grinder but does no damage.
Grinder is lightly wounded.
The zap hits Grinder.
Grinder is lightly wounded.
Grinder gestures at you. Pain shoots through your body!
Casting: Shock (safe; 4% risk of failure)
Confirm with . or Enter, or press ? or * to list all spells.
Aiming: Shock (safe; 4% risk of failure)
Press: ? - help, Shift-Dir - straight line The zap hits Grinder.
Grinder is lightly wounded.
The zap hits Grinder.
Grinder is moderately wounded.
You feel a bit more experienced. Grinder hits you.
You writhe in agony.
Casting: Shock (safe; 4% risk of failure)
Confirm with . or Enter, or press ? or * to list all spells.
Aiming: Shock (safe; 4% risk of failure)
Press: ? - help, Shift-Dir - straight line The zap hits Grinder.
Grinder is moderately wounded.
The zap hits Grinder.
Grinder is heavily wounded.
You feel a bit more experienced. Grinder hits you.
You writhe in agony.
* * * LOW HITPOINT WARNING * * *
Unknown command.
Casting: Shock (safe; 4% risk of failure)
Confirm with . or Enter, or press ? or * to list all spells.
Aiming: Shock (safe; 4% risk of failure)
Press: ? - help, Shift-Dir - straight line The zap hits Grinder.
Grinder is heavily wounded.
The zap hits Grinder.
Grinder is heavily wounded.
Grinder hits you.
* * * LOW HITPOINT WARNING * * *
You writhe in agony.
* * * LOW HITPOINT WARNING * * *
Casting: Shock (safe; 4% risk of failure)
Confirm with . or Enter, or press ? or * to list all spells.
Aiming: Shock (safe; 4% risk of failure)
Press: ? - help, Shift-Dir - straight line The zap hits Grinder but does no damage.
Grinder is heavily wounded.
The zap hits Grinder.
Grinder is severely wounded.
Grinder says, "Mostly I couldn't keep them alive."
Grinder hits you but does no damage.
Casting: Shock (safe; 4% risk of failure)
Confirm with . or Enter, or press ? or * to list all spells.
Aiming: Shock (safe; 4% risk of failure)
Press: ? - help, Shift-Dir - straight line The zap misses Grinder.
The zap hits Grinder.
Grinder is severely wounded.
Grinder gestures at you.
Your stasis prevents you from being paralysed.
Casting: Shock (safe; 4% risk of failure)
Confirm with . or Enter, or press ? or * to list all spells.
Aiming: Shock (safe; 4% risk of failure)
Press: ? - help, Shift-Dir - straight line The zap hits Grinder.
Grinder is severely wounded.
The zap hits Grinder.
Grinder is almost dead.
Grinder hits you.
* * * LOW HITPOINT WARNING * * *
Unknown command.
Casting: Shock (safe; 4% risk of failure)
Confirm with . or Enter, or press ? or * to list all spells.
Aiming: Shock (safe; 4% risk of failure)
Press: ? - help, Shift-Dir - straight line The zap misses Grinder.
The zap hits Grinder.
Grinder is almost dead.
Grinder hits you.
You die...

........##.[......######
................>.#######
........##.#####...<....#
........##.# #..#####.
.#########.# #..# .#####
#.# #..# .....# #.##
#..#######. .....# .....
#.......... .....#
.....{#@######### .....#
......5.# .....#
....!.### .....# ......
.....# ..... .....# .....
.....# .... .....# ####
.....#


You could see Grinder.

Vanquished Creatures
  A centaur (D:3)
  A gnoll (D:2)
  7 adders (D:2 D:3)
  An ooze (D:2)
  A worm (D:2)
  4 dart slugs (D:1 D:2)
  4 leopard geckos (D:1 D:2 D:3)
  An orc (D:3)
  5 ball pythons (D:3)
  6 bats (D:1 D:2 D:3)
  2 giant cockroaches (D:2 D:3)
  11 goblins (D:1 D:2 D:3)
  4 hobgoblins (D:1 D:2 D:3)
  11 jackals (D:1 D:2 D:3)
  2 quokkas (D:3)
  5 frilled lizards (D:1 D:2)
  10 kobolds (D:1 D:2 D:3)
  A quokka skeleton (D:3)
  8 rats (D:1 D:2 D:3)
85 creatures vanquished.

Notes
Turn   | Place    | Note
-------+----------+-------------------------------------------
     0 | D:1      | Monsterracer the Formicid Air Elementalist began the quest
                  | for the Orb.
     0 | D:1      | Reached XP level 1. HP: 13/13 MP: 3/3
    44 | D:1      | HP: 5/13 [kobold/+0 short sword (6)]
    45 | D:1      | Reached skill level 1 in Conjurations
   274 | D:1      | HP: 6/13 [jackal (2)]
   279 | D:1      | HP: 3/13 [jackal (1)]
   281 | D:1      | Reached XP level 2. HP: 4/19 MP: 1/5
   560 | D:1      | Learned a level 2 spell: Swiftness
   942 | D:1      | Reached XP level 3. HP: 23/24 MP: 0/6
   947 | D:1      | Learned a level 3 spell: Static Discharge
  1994 | D:2      | Reached XP level 4. HP: 30/30 MP: 5/8
  2558 | D:2      | Reached XP level 5. HP: 33/35 MP: 2/9
  2769 | D:2      | Learned a level 4 spell: Airstrike
  2822 | D:2      | HP: 17/35 [worm (7)]
  3535 | D:3      | Noticed a centaur
  3544 | D:3      | HP: 17/35 [centaur/arrow (10)]
  3549 | D:3      | HP: 11/35 [centaur (1)]
  3553 | D:3      | Killed a centaur
  3553 | D:3      | Reached XP level 6. HP: 8/41 MP: 4/11
  4436 | D:3      | Noticed Grinder
  4445 | D:3      | HP: 15/41 [Grinder (6)]
  4449 | D:3      | HP: 5/41 [Grinder (3)]
  4450 | D:3      | Slain by Grinder

Levels and vault maps discovered:
D:1:      ebering_trefoil_3fold, layout_basic, minmay_cupped
D:2:      minmay_thinvault, layout_rooms
D:3:      layout_basic, first_ration, minmay_shallow_snake_nest, uniq_grinder

Skill      XL: |  1  2  3  4  5 |
---------------+----------------+-----
Conjurations   | 1 2 3 |  3.6
Spellcasting   | 3 |  3.5
Air Magic      | 3 |  3.7
Dodging        | |  1.7
Stealth        | |  2.4

Action                   |  1- 3 |  4- 6 || total
-------------------------+-------+-------++-------
Melee: Short sword       |    27 |       ||    27
       Unarmed           |     4 |       ||     4
 Cast: Shock             |    65 |   122 ||   187
  Eat: Chunk             |     3 |     9 ||    12
Armor: Robe              |    12 |     5 ||    17
Dodge: Dodged            |    44 |    34 ||    78
